cohdb
Replays
Latest Replays
All Replays
Popular Replays
Top Player Replays
Match Explorer
How It Works
Community
CoH3 Stats
Reddit
Sign in to upload your games and track your stats! →
Sign in with Steam
Match 31598115
Unlisted
Match 31598115
Overview
Messages
Build Orders
End
Construct Infanterie Kompanie
Selects Luftwaffe Battlegroup
MG 42 Machine Gun Team
Grenadier Squad
GrW 34 Mortar Team
Grenadier Squad
Medical Station
Grenadier Squad
Construct Panzergrenadier Kompanie
251 Medium Carrier
Pak 40 Anti-tank Gun Team
Panzergrenadier Squad
Pak 40 Anti-tank Gun Team
Construct Panzer Kompanie
Sturmpanzer IV Brummbär
Selects Stuka Strafing Run
Selects Fallschirmjäger Squad Paradrop
Selects Fragmentation Bombs
Pioneer Squad
Panzer Officer Quarters
Side Skirts
TheSlothInChargeOfEconomy
moohey
JIucu4ka
McGriggles
literofcola
Vlambulance-YouTube
0
0
Comments
sign in to comment!
No comments posted yet!